 Dungeon Crawl Stone Soup version 0.29.1-1-gd02db6906a (webtiles) character file.

Game seed: 10511016768990614207

2 H0rd4k the Insei (level 1, 0/13 HPs)
             Began as an Octopode Transmuter on Oct 19, 2022.
             Slain by a kobold
             ... wielding a +0 club
              (4 damage)
             ... on level 1 of the Dungeon.
             The game lasted 00:00:11 (18 turns).

H0rd4k the Insei (Octopode Transmuter)                Turns: 18, Time: 00:00:11

Health: 0/13       AC:  1    Str:  9    XL:     1   Next: 40%
Magic:  3/3        EV: 13    Int: 15    God:
Gold:   0          SH:  0    Dex: 12    Spells: 3/4 levels left

rFire   . . .      SeeInvis .     - Unarmed
rCold   . . .      Faith    .   (no shield)
rNeg    . . .      Spirit   .   (helmet restricted)
rPois   .          Reflect  .   (no amulet)
rElec   .          Harm     .   (no ring)
rCorr   .          Rampage  .   (no ring)
Will    .....                   (no ring)
Stlth   ++........              (no ring)
HPRegen 0.04/turn               (no ring)
MPRegen 0.08/turn               (no ring)
                                (no ring)
                                (no ring)

@: no status effects
A: almost no armour, amphibious, 8 rings, camouflage 1, gelatinous body 1,
(nimble swimmer 1), tentacles
a: no special abilities


You were on level 1 of the Dungeon.
You visited 1 branch of the dungeon, and saw 1 of its levels.

Inventory:

Potions
 a - a potion of lignification


   Skills:
 + Level 1.0 Fighting
 + Level 2.0 Dodging
 + Level 3.0 Unarmed Combat
 + Level 2.0 Spellcasting
 + Level 2.0 Transmutations


You had 3 spell levels left.
You knew the following spells:

 Your Spells              Type           Power      Damage    Failure   Level
a - Beastly Appendage     Tmut           14%        N/A       10%         1

Your spell library contained the following spells:

 Spells                   Type           Power      Damage    Failure   Level
 Wereblood                Tmut           7%         N/A       14%         2
 Spider Form              Tmut/Pois      4%         N/A       41%         3
 Ice Form                 Ice/Tmut       4%         N/A       82%         4


Dungeon Overview and Level Annotations

Branches:
Dungeon (1/15)

Altars:


Innate Abilities, Weirdness & Mutations

You cannot wear most types of armour.
You are amphibious.
You can wear up to eight rings at the same time.
Your skin changes colour to match your surroundings (Stealth+).
Your rubbery body absorbs attacks. (AC +1, EV +1)
((You are camouflaged when in or above water. (Stealth+)))
You have tentacles for arms and can constrict up to eight enemies at once.


Message History

A goblin comes into view. It is wielding a +0 dagger.
A goblin is nearby!
The goblin shouts!
You hear an angry hiss.
A kobold and a ball python come into view.
Found a fizzy amethyst potion.
A frilled lizard comes into view.
The goblin barely misses you.
The kobold moves out of view.
You barely miss the goblin.
The ball python hisses angrily.
You grab the goblin. You constrict the goblin. You tentacle-slap the goblin.
You kill the goblin!
You barely miss the ball python.
The kobold shouts!
You grab the ball python.
You constrict the ball python, but do no damage.
A bat comes into view.
The ball python closely misses you. The ball python grabs you.
The ball python constricts you.
You tentacle-slap the ball python.
The ball python is severely wounded.
You constrict the ball python.
You kill the ball python!
The bat attacks as you move away! The bat closely misses you. The bat hits you.
You miss the bat. You grab the bat. You constrict the bat.
The bat hits you but does no damage.
The bat escapes!
You tentacle-slap the bat but do no damage.
Your grab misses the bat.
The bat is moderately wounded.
The bat closely misses you. The frilled lizard bites you.
You tentacle-slap the frilled lizard.
You kill the frilled lizard!
The bat hits you. The kobold barely misses you.
You closely miss the kobold. You grab the kobold.
You constrict the kobold, but do no damage.
The bat hits you but does no damage. The kobold hits you with a +0 club.
You tentacle-slap the kobold but do no damage.
You constrict the kobold, but do no damage.
The bat hits you. The kobold hits you with a +0 club.
You die...

#........<.......
...................
...................
....##............#
....##............#
#.........##......
#.........##......
#.................
##...@.........#
##..†Kb.......#
##...........
#...........
#...........
............
.............
8.!...........
#.......######


You could see a bat and a kobold.

Vanquished Creatures
  A goblin (D:1)
  A ball python (D:1)
  A frilled lizard (D:1)
3 creatures vanquished.

Notes
Turn   | Place    | Note
-------+----------+-------------------------------------------
     0 | D:1      | H0rd4k the Octopode Transmuter began the quest for the Orb.
     0 | D:1      | Reached XP level 1. HP: 13/13 MP: 3/3
    18 | D:1      | Slain by a kobold

Illustrated notes

Levels and vault maps discovered:
D:1:      dpeg_arrival_stonehenge_8_columns, layout_basic, serial_shops,
          nicolae_shop_statue_plus, nicolae_shop_trees, shop_statue

Action                   || total
-------------------------++-------
Melee: Unarmed           ||     9
       Constrict         ||     4
Armor: Skin              ||     2
Dodge: Dodged            ||     5
